[Event "44th Chess Olympiad Women 2022"]
[Site "Chennai"]
[Date "2022.08.07"]
[Round "9.6"]
[White "Danielian, Elina"]
[Black "Bulmaga, Irina"]
[Result "0-1"]
[WhiteElo "2441"]
[BlackElo "2394"]
[Annotator "TA"]
[PlyCount "118"]
[EventDate "2022.??.??"]
[TimeControl "60"]

1. d4 Nf6 2. Nf3 e6 3. g3 d5 4. Bg2 Be7 5. c4 dxc4 6. O-O O-O 7. Qc2 a6 8. a4 Bd7 9. Qxc4 Bc6 10. Bf4 Bd6 {[%emt 0:01:01] E05: Open Catalan: 5 Nf3 Be7.} 11. Qc1 a5 12. Nc3 Na6 {[%emt 0:00:
00] The position is equal.} 13. Bg5 Be7 14. Bxf6 Bxf6 15. Rd1 {[%emt 0:00:14]
[#]} Bxf3 $146 ({Predecessor:} 15... Nb4 16. e4 b6 17. Qd2 Qc8
18. Rac1 Rd8 19. Qf4 Qb7 20. h4 Rd7 21. d5 exd5 {1-0 (47) Marszalek,M (2266)
-Tokarczyk,T (2233) Police 2018}) 16. Bxf3 c6 17. Ne4 Be7 18. Qc4 Rc8 19. Rac1 Rc7 20. e3 Rd7 21. Qb3 Qb8 22. Kg2 Rfd8 23. Be2 Nb4 24. h4 h6 25. Bf3 Na6 26. Nc3 Nb4 27. Qc4 Qa7 28. Ne4 Qa6 29. Qb3 Qa7 30.
h5 Qb8 31. Nc3 Bg5 32. Be4 Nd5 33. Bb1 $2 (33. Nxd5 $14 {stays ahead.} cxd5 34. Bb1) 33... Bxe3 $1 $17 34. Nxd5 (34. fxe3 $17 {is a better defense.} Nxe3+ 35.
Kf3 Nxd1 36. Ne2) 34... Bxc1 $19 35. Nb6 {[%emt 0:00:00] [#]}
Bg5 $1 36. Nxd7 $15 Rxd7 37.
Qc2 Qd6 {[%emt 0:02:19] ...Kf8 is the strong threat.} 38. Qh7+ (38. d5 $5 cxd5 39. Qh7+ Kf8 40. Qh8+ Ke7 41. Qxg7 $17) 38...
Kf8 39. d5 $1 ({Of course not} 39. Qh8+ Ke7
40. Qxg7 Qd5+ 41. Kg1 Qb3 $17) 39... Qe5 $36 {[%emt 0:04:20] Black is pushing.}
40. d6 f5 (40... Rxd6 $15 41.
Qh8+ Ke7) 41. Qh8+ $11 Kf7 42. Qb8 (42. Qc8 $11 {keeps the balance.} Rxd6 43. Qxb7+ Be7 44. Rxd6 Qxd6 45.
Ba2) 42... Be7 $17 (42... Qxb2 $2 43. Qc7 $3 Rxc7
44. dxc7 $18) 43. Ba2 $2 (43. Qc8 $17 Rxd6 44. Rxd6 Qxd6 45.
Ba2) 43... Bxd6 $19 {[%emt 0:04:29] The board is on fire.} (43... Rxd6 44. Rxd6
Qxd6 45. Qxb7 $11) 44. Qc8 Re7 (44... Ke7 $19
45. Qg8 Rd8) 45. Bb3 (45. Bb1 $17 {was called for.}) 45...
Qe4+ ({Stronger than} 45... Qxb2 46. Rxd6 Qxb3 47. Rd8 $11)
46. Kh2 {[%emt 0:00:00] [#]} Qh4+ ({Black should try} 46...
Bxg3+ $1 $19 47. fxg3 Qe2+ 48. Kg1 Qe3+ 49. Kh2 Qe2+ 50. Kg1 Qe3+ 51. Kh2 Qxb3)
47. Kg2 $17 Qb4 48. Bc4 Qxc4 49. Rxd6 $19 {[%emt 0:00:03] Endgame KQR-KQR} Qe4+ (49... Qxa4 $2 50. Rd8 Qe4+ 51. Kh2 $18) 50. Kg1 {[%emt 0:00:00]
Hoping for Rd8.} Qg4 (50... Qxa4 $2 51. Rd8 Kf6 52. Rf8+ Kg5
53. Qd8 Kxh5 54. Qxe7 Qd1+ 55. Kh2 $18) 51. Rd7 {[%emt 0:01:45] [#]} Qxh5 (51... Qb4 $1 $17 {White must now prevent ...Rxd7.} 52. Rd1 b5)
52. Qxb7 $2 {[%emt 0:00:21] [#]} (52. Rxe7+ $11 {and White is okay.} Kxe7 53.
Qxb7+ Kf6 54. Qd7) 52... Qd1+ $3 53. Rxd1 Rxb7 {[%emt 0:00:05] KR-KR} 54. Rd2 $2 (54. Rc1 {was worth a
try.}) 54... Rb4 55. Rc2 $2 (55. Rd7+ Kf6 56.
b3) 55... Rxa4 {[%emt 0:00:05] Black is clearly winning.} 56. Rxc6 Rb4 57. Ra6 a4 58. Kg2 Kf6 59. Ra5 h5 {[%emt 0:00:
13] Weighted Error Value: White=0.39/Black=0.19 (very precise)} 0-1

[Event "44th Chess Olympiad Women 2022"]
[Site "Chennai"]
[Date "2022.08.07"]
[Round "9.6"]
[White "Lehaci, Miruna-Daria"]
[Black "Gaboyan, Susanna"]
[Result "0-1"]
[WhiteElo "2193"]
[BlackElo "2270"]
[Annotator "RC"]
[PlyCount "200"]
[EventDate "2022.??.??"]
[TimeControl "60"]

1. e4 c5 2. Nf3 Nc6 3. Bc4 e6 4. O-O d5 5. Bb5 dxe4 6. Ne5 Qc7 7. Nxc6 bxc6 8. Bc4 Bd6 9. h3 f5 10. d3 Nf6 11. Bg5 exd3 12. Bxf6 dxc2 13. Qxc2 gxf6 14. Re1 Be5 15. Nd2 Rg8 16. Bf1 Bd4 17. Qxf5 e5 18.
Qh5+ Qf7 19. Qf3 Kf8 20. Bc4 Be6 21. Bxe6 Qxe6 22. Ne4 Ke7 23. Rac1 c4 24. Qa3+ c5 25. Qf3 Rab8 26. Rc2 Rg6 27. Ng3 Kf7 28. Kh2 a5 29. Re4 Qd5 30. Qh5 Kg8 31. Rg4 Qf7 32. Nf5 Kh8 33. Nd6 Qg8 34. Qh4 Rxg4 35. hxg4 Qg6 36. Re2 Rb4 37. Qh3 Kg7 38. Nf5+ Kf8 39. Qf3 Rb8 40. Qc6 Re8 41. Qd6+ Kg8 42. Qd7 Kh8 43. g3 Rf8 44. Qd6 Qf7 45. Rc2 Rg8 46. Nh6 Qf8 47. Nf5 Qxd6 48. Nxd6 Rxg4 49. Rxc4 Rg8 50. Rc2 a4 51. Ne4 Rb8 52. Kg2 f5 53. Nc3 Rb4 54. Nd1 a3 55. bxa3 Ra4 56. Ne3 Bxe3 57. fxe3 Rxa3 58. Rxc5 Rxe3 59. a4 Kg7 60. Kf2 Re4 61. a5 Kf6 62. Rc8 Ra4 63. Ra8 Ra2+ 64. Ke3 Ra3+ 65. Kf2 Ke6 66. a6 Kd5 67. Ra7 h6 68. Rd7+ Ke4 69. Rd6 Ra2+ 70. Kg1 Kf3 71. Rf6 Kxg3 72. Rxf5 Rxa6 73. Kf1 Re6 74. Ke2 Kg4 75. Rf8 h5 76. Ke3 e4 77. Rg8+ Kh3 78. Rg5 h4 79. Rg8 Kh2 80. Rh8 h3 81. Rg8 Kh1 82. Rh8 Kg2 83.
Rg8+ Kf1 84. Rh8 Ra6 85. Kxe4 Ra3 86. Kf4 Kg2 87. Rg8+ Kf2 88. Rh8 Ra4+ 89. Kf5 Kg3 90. Rg8+ Kf3 91. Rh8 Ra5+ 92. Kf6 Kg2 93. Rg8+ Kh1 94. Rg3 h2 95. Rg7 Ra1 96. Kf5 Rg1 97. Ra7 Rf1+ 98. Ke4 Kg2 99. Rg7+ Kf2 100. Rf7+ Ke2 0-1

[Event "44th Chess Olympiad Women 2022"]
[Site "Chennai"]
[Date "2022.08.07"]
[Round "9.6"]
[White "Mkrtchyan, Mariam"]
[Black "Cosma, Elena-Luminita"]
[Result "1-0"]
[WhiteElo "2285"]
[BlackElo "2248"]
[Annotator "RC"]
[PlyCount "213"]
[EventDate "2022.??.??"]
[TimeControl "60"]

1. d4 d5 2. c4 e6 3. Nf3 Nf6 4. g3 Be7 5. Bg2 O-O 6. O-O dxc4 7. Qc2 a6 8. a4 Bd7 9. Qxc4 Bc6 10. Bf4 Bd6 11. Qc1 a5 12. Nc3 Na6 13. Rd1 Nb4 14. Bg5 Be7 15. Bxf6 Bxf6 16. e4 g6 17. Qd2 Qe7 18. Qe2 Bg7 19. Qc4 Rfd8 20. Rd2 b6 21. Re1 Bb7 22. d5 e5 23. Bf1 Na6 24. Qa2 Qf6 25.
Kg2 Bh6 26. Rdd1 Bf8 27. Bc4 Bc5 28. Rd2 Nb4 29. Qb3 Kg7 30.
Red1 Qe7 31. Nb5 f6 32. Ne1 Ba6 33. Nc3 Bc8 34. f3 Bd7 35.
Nd3 Nxd3 36. Rxd3 Be8 37. Bb5 Bf7 38. Qc2 Rh8 39. Ne2 Rad8 40.
Nc1 Bd6 41. Nb3 g5 42. Nd2 Bg6 43. Rc3 Bc5 44. Nc4 Ra8 45. Bc6 Raf8 46. Rcd3 Bd4 47. Qe2 Rd8 48. Na3 Bc5 49. Nb5 Rhf8 50. g4 h5 51. Nc3 Rf7 52. h3 h4 53. Nb5 Kh7 54. Rc1 Rg7 55. Rdc3 Bb4 56. R3c2 Rb8 57. Na7 Bd6 58. Qa6 Qf8 59. Bb7 Be8 60. Rc4 Bd7 61. Bc6 Bc8 62. Qb5 Qh8 63. Qb3 Ba6 64. R4c2 Qf8 65. Bb5 Ra8 66. Nc6 Bb7 67. Qd3 Bxc6 68. dxc6 Rd8 69. Bc4 Qe7 70. Bd5 Bb4 71. Qb3 Rd6 72. Rc4 Kh6 73. Rxb4 axb4 74. Rc4 f5 75. gxf5 g4 76. Qe3+ Kh7 77. fxg4 Qd8 78. Qd2 Rf7 79. b3 Kh8 80. Kh2 Rf8 81. Rc2 Kg7 82. Rc1 Kh7 83. Rd1 Qe7 84. Qxb4 Rfd8 85. Qc3 Rxd5 86. exd5 e4 87. f6 Qd6+ 88. Kg2 Kg6 89. Qe3 Qe5 90. Rd4 Rxd5 91. Qxe4+ Qxe4+ 92. Rxe4 Kxf6 93. b4 b5 94. axb5 Rxb5 95. Kf3 Rb6 96. Kf4 Rxc6 97. g5+ Kg6 98. Kg4 Rc1 99. Kxh4 c5 100. Re6+ Kf7 101. Rf6+ Kg7 102. b5 Rb1 103. b6 Rb3 104. Rc6 Kh7 105. Kg4 c4 106. Rc7+ Kg6 107. h4 1-0

[Event "44th Chess Olympiad Women 2022"]
[Site "Chennai"]
[Date "2022.08.07"]
[Round "9.7"]
[White "Eizaguerri Floris, Maria"]
[Black "Citra, Dewi Ardhiani Anast"]
[Result "0-1"]
[WhiteElo "2176"]
[BlackElo "2257"]
[Annotator "RC"]
[PlyCount "48"]
[EventDate "2022.??.??"]
[TimeControl "60"]

1. e4 d5 2. exd5 Nf6 3. Bb5+ Bd7 4. Bc4 Bg4 5. f3 Bf5 6. Nc3 Nbd7 7. g4 Nb6 8. Qe2 Bc8 9. Qd3 Nxc4 10. Qxc4 e6 11. dxe6 Bxe6 12. Qe2 Nd5 13. Nxd5 Qxd5 14. Nh3 O-O-O 15. Nf2 h5 16. d3 hxg4 17. fxg4 f5 18. Bd2 Bc5 19. O-O-O Qxa2 20. Bc3 Rhe8 21. Rhe1 f4 22. d4 Qa1+ 23. Kd2 Bxd4 24. Qd3 Bxc3+ 0-1

[Event "44th Chess Olympiad Women 2022"]
[Site "Chennai"]
[Date "2022.08.07"]
[Round "9.7"]
[White "Mariroh, Fariha"]
[Black "Calzetta Ruiz, Monica"]
[Result "0-1"]
[WhiteElo "1839"]
[BlackElo "2230"]
[Annotator "RC"]
[PlyCount "104"]
[EventDate "2022.??.??"]
[TimeControl "60"]

1. e4 c5 2. Nf3 d6 3. d4 cxd4 4. Nxd4 Nf6 5. Nc3 g6 6. Be3 Bg7 7. f3 O-O 8. Qd2 Nc6 9. g4 Be6 10. Nxe6 fxe6 11. Be2 d5 12. O-O-O d4 13. Bxd4 Nxe4 14. fxe4 Nxd4 15. Bc4 Rc8 16. Bb3 Nxb3+ 17. axb3 Qa5 18. Nb1 Qa2 19. c3 Qxb3 20. h4 Be5 21. Rhf1 b5 22. Rxf8+ Rxf8 23. Qc2 Qc4 24. Na3 Qc6 25. Kb1 Rf4 26. h5 Rxg4 27. hxg6 hxg6 28. Qd3 Qxe4 29. Nxb5 a6 30. Qxe4 Rxe4 31. Nd4 Bxd4 32. cxd4 Kg7 33. Kc2 e5 34. d5 a5 35. Ra1 a4 36. Kd3 Rd4+ 37. Ke3 g5 38.
Kf3 Kg6 39. Kg3 Kf5 40. Rf1+ Rf4 41. Ra1 g4 42. Rc1 Rb4 43. Rc2 Rb3+ 44. Kg2 e4 45. Kg1 Ke5 46. Rc4 Rxb2 47. Rxa4 Kf4 48. Ra8 e3 49. Kf1 g3 50. Rf8+ Ke4 51. Re8 e2+ 52. Ke1 Kd3 0-1

[Event "44th Chess Olympiad Women 2022"]
[Site "Chennai"]
[Date "2022.08.07"]
[Round "9.7"]
[White "Matnadze, Ana"]
[Black "Aulia, Medina Warda"]
[Result "0-1"]
[WhiteElo "2406"]
[BlackElo "2374"]
[Annotator "TA"]
[PlyCount "102"]
[EventDate "2022.??.??"]
[TimeControl "60"]

1. d4 e6 2. c4 Nf6 3. Nf3 d5 4. g3 dxc4 5. Bg2 Bb4+ 6. Bd2 c5 {[%emt 0:00:28] E04: Open Catalan:
5 Nf3.} 7. dxc5 Bxc5 8. Qa4+ Nbd7 {[%emt 0:00:15] The position is equal.} 9. Qxc4 b5 10. Qh4 Bb7 11. O-O O-O {[%emt 0:02:23] [#]} 12. a4 $146 ({Predecessor:} 
12. Nc3 a6 13. Rad1 Be7 14. Qh3 Rc8 15. Bg5 h6 16. Bxf6 Bxf6 17. Nd4 Qb6 18. e3
{1-0 (44) Kozul,Z (2602)-Saric,A (2597) Porec 2016}) 12... a6 13. Na3 (13. axb5 $11 axb5 14. Rxa8 Qxa8 15. Bb4) 13... Be7 14. Bb4 bxa4 15. Rfd1 Bxb4 16. Qxb4 Qb6 $36 {
[%emt 0:00:35] Black has the initiative.} 17. Qxa4 Nc5 (17... Qxb2 18. Rab1 Qc3 19. Rxb7 $16) 18. Qh4 (18. Qf4 $11 {keeps the balance.}) 18... Nce4 $1 $17 (18...
Qxb2 $6 19. Rdb1 Qc3 20. Nc4 Bxf3 21. Bxf3 $15) 19. g4 {[%emt 0:00:00] [#]} (
19. Nd4 $2 Rfd8 20. e3 (20. Nc4 $2 Qc5 $19) 20... Qxb2 $19) (19. Rf1 $142)
19... h6 (19... Qxb2 20. g5 $16) (19... Nxg4 $1 $17 20. Nc4 (20. Qxg4 $2 Qxf2+ 21. Kh1 Qxe2 $19) (20. Ng5 Qxf2+) 20...
Qxf2+ 21. Qxf2 Ngxf2) 20. Nc4 $15 Qc5 {[%emt 0:00:00]
Strongly threatening ...g5.} 21. Nce5 Rad8 22. Rdc1 Qb6 23. Nc4 Qa7 {
[%emt 0:01:03] Black is more active.} 24. g5 $2 (24. e3 $15)
24... Nxg5 $19 25. Nxg5 Bxg2 (25... hxg5 26. Qxg5 Rd4 27. h3 $15) 26. Kxg2 Rd4 (26... hxg5 27. Qxg5 Rd5 28. Qe3 $15) 27. Qh3 {[%emt 0:05:00] And now Nf3
would win.} hxg5 {[%emt 0:02:09] Really sharp!} 28. Ne3 {[%emt 0:00:00]
Inhibits Rg4+.} (28. Kf1) 28... Rh4 29. Qg3 Rf4 {[%emt 0:01:14] Threatens to win with ...Ne4.} 30. Rc4 Nh5 (30... Ne4 $19 31. Rxe4 Rxe4 32. Qxg5 Qb7) 31. Qxg5 $17 {
[%emt 0:00:56] [#]} Rxc4 (31... Qb7+ $1 $17 32. Kg1 Qxb2) 32.
Nxc4 $15 g6 {[%emt 0:01:38] ...Qd4 is the strong threat.} 33.
Ra3 $2 {[%emt 0:01:31] White is on the road to losing.} (33. Rd1 $11 {and
White stays safe.}) 33... Qd4 $19 34. Nd2 (
34. Ne5 Nf4+ 35. Kg3 Nxe2+ 36. Kg2) 34... Nf4+ 35. Kf3 e5 ({Weaker is} 35... Qxd2 36. Qxf4 Qxb2 37.
Ra4 $17) ({Worse is} 35... Nh3 36. Qe3 Qh4 37. Kg2 $17) 36. Ne4 f5 37. Nc3 Qc4 {[%emt 0:
01:39] aiming for ...Qc6+.} 38. Kg3 Qc6 39.
e4 (39. f3 $142 Qb6 40. Ra1) 39... fxe4 {[%emt 0:00:00] ( -> .
..Nh5+)} ({Not} 39... Qb6 40. Nd5 Nxd5 41. exd5 $11) 40. Qxe5 Qd7 41. Qxf4 Qd3+ 42. Qe3 Rf3+ 43. Kg2 Rxe3 44. fxe3 {[%emt 0:00:00] Endgame KQ-KRN}
Qd2+ 45. Kf1 Qc1+ {[%emt 0:00:00] Black
mates.} 46. Nd1 Qxd1+ 47. Kf2 Qd2+ 48. Kg3 Qxb2 49. Rxa6 Qe5+ 50. Kg2 Qg5+ 51. Kf1 Qb5+ {[%emt 0:00:00] Weighted Error Value:
White=0.89/Black=0.14 (very precise)} 0-1

[Event "44th Chess Olympiad Women 2022"]
[Site "Chennai"]
[Date "2022.08.07"]
[Round "9.7"]
[White "Sukandar, Irine Kharisma"]
[Black "Vega Gutierrez, Sabrina"]
[Result "1/2-1/2"]
[WhiteElo "2373"]
[BlackElo "2366"]
[Annotator "RC"]
[PlyCount "75"]
[EventDate "2022.??.??"]
[TimeControl "60"]

1. e4 c5 2. Nf3 e6 3. d4 cxd4 4. Nxd4 Nf6 5. Nc3 Nc6 6. Nxc6 bxc6 7. e5 Nd5 8. Ne4 Qc7 9. f4 Qb6 10. c4 Bb4+ 11. Ke2 f5 12. exf6 Nxf6 13.
Be3 Qd8 14. Nd6+ Bxd6 15. Qxd6 Bb7 16. Rd1 Rf8 17. Rg1 Rc8 18. g4 c5 19. f5 Ne4 20. Qe5 Qf6 21. Qxf6 Rxf6 22. fxe6 Rxe6 23. Bg2 Ba6 24. Bxe4 Rxe4 25. b3 Rc6 26. Kf3 Re7 27. Bg5 Ree6 28. Rge1 Bb7 29. Kg3 h6 30. Bf4 Rxe1 31. Rxe1+ Kf7 32. Rf1 Rf6 33. Rd1 Bc6 34. h4 Re6 35. Rd2 Ke7 36. Kf2 a6 37. Kg3 d6 38. Kf2 1/2-1/2

[Event "44th Chess Olympiad Women 2022"]
[Site "Chennai"]
[Date "2022.08.07"]
[Round "9.8"]
[White "Cramling Bellon, Anna"]
[Black "Ratsma, Rosa"]
[Result "1/2-1/2"]
[WhiteElo "2065"]
[BlackElo "2226"]
[Annotator "RC"]
[PlyCount "131"]
[EventDate "2022.??.??"]
[TimeControl "60"]

1. d4 Nf6 2. c4 e6 3. a3 d5 4. cxd5 exd5 5. Nc3 c6 6. Bf4 Bf5 7. e3 Bd6 8. Be5 Bxe5 9. dxe5 Ng4 10. Qd4 Qe7 11. Nf3 Nd7 12. Qf4 g6 13.
Nd4 Qxe5 14. h3 Qxf4 15. exf4 Nh6 16. g4 Be6 17. Bd3 Nc5 18.
Bc2 Bd7 19. O-O-O O-O-O 20. f5 Kc7 21. b4 Na6 22. Rhe1 Rhe8 23. f6 Nb8 24. Ndb5+ cxb5 25. Nxd5+ Kc8 26. Ne7+ Rxe7 27. Rxe7 Nc6 28. Re3 Be6 29. Rxd8+ Kxd8 30. f4 a6 31. f5 gxf5 32. g5 Kd7 33. gxh6 Kd6 34. Kd2 Ne5 35. Kc3 Nd7 36. Kd4 Nxf6 37. Rf3 Ng8 38. Bxf5 Nxh6 39. Bxh7 f5 40. Rf4 Bd7 41. Rh4 Nf7 42. Rh5 f4 43. Ke4 Bxh3 44. Kxf4 Bf1 45. Be4 b6 46. Rd5+ Kc7 47. Bf5 Nd6 48. Rd1 Bc4 49. Ke5 Nxf5 50. Kxf5 Kc6 51. Ke5 a5 52. Rd6+ Kc7 53. Rh6 axb4 54. axb4 Bb3 55. Kd4 Bc4 56. Rh5 Kd6 57. Rf5 Ke6 58. Rg5 Kd6 59. Rg7 Bb3 60. Rg6+ Kc7 61. Ke5 Bc4 62. Rg7+ Kc6 63. Ra7 Bb3 64. Ra3 Bc4 65. Rc3 Kd7 66. Rg3 1/2-1/2

[Event "44th Chess Olympiad Women 2022"]
[Site "Chennai"]
[Date "2022.08.07"]
[Round "9.8"]
[White "Cramling, Pia"]
[Black "Roebers, Eline"]
[Result "1-0"]
[WhiteElo "2459"]
[BlackElo "2344"]
[Annotator "TA"]
[PlyCount "73"]
[EventDate "2022.??.??"]
[TimeControl "60"]

1. d4 f5 2. g3 Nf6 3. Bg2 g6 4. Nf3 Bg7 5. O-O O-O 6. b3 d6 7. Bb2 Ne4 8. Nbd2 Nc6 9. Ne1 {[%emt 0:02:07] A81: Dutch Defence:
2 g3.} Ng5 10. f4 Nf7 11.
Nc4 {[%emt 0:00:44] White has an edge.} e6 12. e3 Rb8 13. a4 Ne7 14. Nd3 b6 15. Qe2 Bb7 16. Bxb7 Rxb7 17. Nd2 {[%emt 0:01:49] 
[#]} Rb8 $146 ({Predecessor:} 17... Qd7 18. Nf3 Nd5 19. c4 Nf6
20. Rad1 a6 21. Nde5 Qe8 22. Nxf7 Rxf7 23. Nd2 b5 24. axb5 axb5 {1-0 (65)
Artemiev,V (2697)-Kobalia,M (2590) Obninsk 2022}) 18. Nf3 Re8 19. c4 c5 20. Rad1 Qc7 21. Rfe1 Nc6 22.
Qc2 (22. d5 $1 $16 {Hoping for Bxg7.} Bxb2 23. Qxb2 exd5 24.
cxd5) 22... e5 23. d5 e4 24. Bxg7 Kxg7 25. dxc6 exf3 26. Nf2 Re6 (26... Qxc6 $11 27. e4 Nh6) 27. e4 $16 Rbe8 28. Qc3+ Kf8 {[%emt 0:04:
41][%cal Rf5e4] [#]} 29. exf5 {[%emt 0:00:43] White is more active.} ({
Inferior is} 29. Qxf3 Nd8 $15) 29... Rxe1+ 30. Rxe1 Rxe1+ 31. Qxe1 {[%emt 0:00:00] And now fxg6 would win.
} gxf5 {[%emt 0:00:19] Endgame KQN-KQN} 32. Qe6 Qe7 {[%emt 0:
00:43] [#]} (32... Qxc6 $142 33. Qxf5 d5 34. cxd5 Qe8) 33. Qxe7+ $1 $18 Kxe7 34. Nd1 Ke6 $2 (34... Kd8 35. Ne3 Kc7 36. Nxf5 Kxc6) 35. Ne3 {[%emt 0:01:02] White is
clearly winning.} Nh6 36. Kf2 Ng8 (36... Ke7 $142 37. h3 Kd8) 37. Nd5 {[%emt 0:02:12] Weighted Error
Value: White=0.21 (precise) /Black=0.40} 1-0

[Event "44th Chess Olympiad Women 2022"]
[Site "Chennai"]
[Date "2022.08.07"]
[Round "9.8"]
[White "Lanchava, Tea"]
[Black "Andric, Jelena"]
[Result "1-0"]
[WhiteElo "2257"]
[BlackElo "1993"]
[Annotator "RC"]
[PlyCount "69"]
[EventDate "2022.??.??"]
[TimeControl "60"]

1. c4 c6 2. Nf3 d5 3. e3 Nf6 4. Nc3 Bg4 5. Qb3 Qb6 6. Ne5 Bc8 7. Qxb6 axb6 8.
cxd5 Nxd5 9. Nxd5 cxd5 10. Bb5+ Nd7 11. d4 e6 12. O-O Bd6 13.
Bd2 Ke7 14. Bc3 f6 15. Nd3 Nb8 16. Nb4 Bd7 17. Bd3 Bc6 18. f3 b5 19. e4 Na6 20. Nc2 dxe4 21. fxe4 b4 22. Bd2 Kf7 23. Rae1 b5 24. Ne3 Nc7 25. e5 Be7 26. exf6 gxf6 27. Rc1 Ra6 28. Ng4 Bd6 29. Rxf6+ Ke7 30. Bg5 Kd7 31. Rf7+ Ke8 32. Rg7 Nd5 33. Bxb5 Kf8 34. Bxa6 Kxg7 35. Rxc6 1-0

[Event "44th Chess Olympiad Women 2022"]
[Site "Chennai"]
[Date "2022.08.07"]
[Round "9.8"]
[White "Peng, Zhaoqin"]
[Black "Agrest, Inna"]
[Result "1/2-1/2"]
[WhiteElo "2349"]
[BlackElo "2217"]
[Annotator "RC"]
[PlyCount "124"]
[EventDate "2022.??.??"]
[TimeControl "60"]

1. d4 Nf6 2. c4 g6 3. Nc3 Bg7 4. e4 d6 5. Be2 O-O 6. Be3 Nbd7 7. Nf3 e5 8.
O-O Qe7 9. Qc2 c6 10. d5 c5 11. Ne1 Kh8 12. Nd3 Ng8 13. Qd2 f5 14. exf5 gxf5 15. f4 e4 16. Nf2 Ngf6 17. Kh1 Rg8 18. Rg1 Nf8 19. a4 Bd7 20. a5 Re8 21. Rab1 Ng6 22. g3 Ng4 23. Nxg4 fxg4 24. b4 b6 25. bxc5 bxc5 26. Rb7 h5 27. Rxa7 Ra8 28. Rxa8 Rxa8 29. Nb5 Bc8 30. h3 Qd8 31. hxg4 hxg4 32. Kg2 Ne7 33. Rh1+ Kg8 34. Rh5 Nf5 35. Rg5 Rxa5 36. Rxf5 Rxb5 37. Rg5 Rb7 38. Qc2 Qf6 39. Kf2 Kf8 40. Qa4 Re7 41. Qa8 Re8 42. Qc6 Qe7 43. Rg6 Rd8 44. Bxg4 Bxg4 45. Rxg4 Qa7 46. Kg2 Qa2+ 47. Kh3 Qa1 48. Rg5 Bf6 49. Kg4 Bxg5 50. fxg5 Qd1+ 51. Kf5 Qf1+ 52. Bf4 Qh3+ 53. g4 Kg8 54. Bxd6 Qf3+ 55. Ke5 Qg3+ 56. Kxe4 Qxg4+ 57. Bf4 Qe2+ 58. Be3 Qxc4+ 59. Ke5 Qc3+ 60. Ke4 Qc4+ 61. Ke5 Qc3+ 62. Ke4 Qc4+ 1/2-1/2

[Event "44th Chess Olympiad Women 2022"]
[Site "Chennai"]
[Date "2022.08.07"]
[Round "9.9"]
[White "Borosova, Zuzana"]
[Black "Sebag, Marie"]
[Result "1-0"]
[WhiteElo "2277"]
[BlackElo "2447"]
[Annotator "TA"]
[PlyCount "115"]
[EventDate "2022.??.??"]
[TimeControl "60"]

1. e4 c5 2. Nf3 d6 3. d4 cxd4 4.
Nxd4 Nf6 5. Nc3 a6 6. h3 e5 7. Nde2 h5
{[%emt 0:00:36] B90: Sicilian Najdorf: Unusual White 6th moves, 6 Be3 Ng4 and
6 Be3 e5.} 8. Bg5 Be6 9. Bxf6 Qxf6 {[%emt 0:01:30] The position is equal.} 10. Nd5 Qd8 11. Qd3 Nd7 12. O-O-O g6 13. Kb1 Nc5 14. Qa3 $1 {[%emt 0:01:02] is currently scoring better than 14. Qf3.} Bg7 (14... Bh6 {seems wilder.} 15. g4 Kf8 16. Bg2 hxg4 17. hxg4
Kg7) 15. h4 b5 16. Nec3 O-O 17. f3 Rb8 (17... f5 $11)
18. b4 $14 a5 {[%emt 0:01:17] [#]} 19. Nxb5 $146 {[%emt 0:10:
09] Pair of Knights!} (19. bxc5 b4 20. Qa4 bxc3+ 21. Ka1 dxc5 $15) (19. Qxa5
$14 {stays ahead.} Qxa5 20. bxa5) ({Predecessor:} 19. Qxa5 Qxa5 20. bxa5 b4 21.
Nb5 Na4 22. a6 Nc3+ 23. Ndxc3 bxc3 24. Rxd6 Bh6 25. a7 {1-0 (40) Maghsoodloo,P
(2698)-Praggnanandhaa,R (2608) Chess.com INT 2021}) 19... axb4 $17 20. Qxb4 Na6 21. Qb3 (
21. Qb2 $17 {was worth a try.}) 21... Nc7 $2 22. c4 (22. Nbxc7 $11 {and White stays safe.} Rxb3+ 23. cxb3) 22... Nxd5 $19 23. cxd5 Bd7 {[%emt 0:00:08] Hoping for ...
Qa5.} 24. Qb4 {[%emt 0:10:17] Prevents Qa5.} Qb6 {[%emt 0:01:26][%cal Rd7b5]
Black has strong compensation.} 25. a4 Ra8 {[%emt 0:03:12] ...
Bh6 is the strong threat.} 26. Rd2 (26. Qxd6 $2 Qxd6 27. Nxd6
Rfb8+ 28. Nb5 Rxa4 $19) 26... Rfc8 (26... Bh6 $17 27. Rb2 Be3)
27. Rb2 $15 Bf8 (27... Qe3 28. Bc4 $11) 28.
Bd3 Rc5 29. Rd1 Qa5 $2 (29... Bh6 $17 {keeps the pressure on.}) 30. Qxa5 $16 {[%emt 0:
01:26] White is more active.} Rxa5 31. Rb4 f5 32. Kb2 Be7 33. Rh1 Kg7 {[%emt 0:01:40] [#]} (33... Ra8 $16) 34.
Kb3 $1 $18 f4 $2 (34... Rc8 $16 35. g3 Raa8)
35. Na3 Ra7 {[%emt 0:02:26] [#]} 36. Bb5 $1 Bc8 37. Rc4 Rxc4 38. Nxc4 ({Less strong is} 38. Kxc4 Bd8 39. Kd3 Bb6 $18) 38... Kh6 39. Kb4 Bd8 40. a5 ({Don't take} 40. Nxd6 Be7 $18) 40... Bc7 (40... g5
$142 41. Nxd6 Be7) 41. Rc1 Bb7 42. Ra1 g5 43. hxg5+ Kxg5 44. Rh1 ({Weaker is} 44. a6 Bc8 45. Na5 Bb6 $18) 44...
h4 45. Rc1 Kf6 (45... Bd8 {
is a better defense.} 46. a6 Bxa6) 46. Rc2 Kg5 47. Ra2 Bc8 48. Ra4 $2 (
48. Ra1) 48... h3 49. gxh3 Bxh3 $2 (49... Kh4 {is tougher.} 50. a6 Kg3) 50. Ra1 {[%emt 0:00:14] White is
clearly winning.} Kf6 51. Rg1 {[%emt 0:00:17] Prevents Bg2.}
Ra8 52. Bc6 Ra7 (52... Rb8+
$142 53. Kc3 Bc8) 53. Nb6 Kf7 54. Kb5 Bb8 55. a6 Re7 56. Bb7 Ba7 57. Rh1 Rc7 58. Bc6 {[%emt 0:00:18] Never resign too early! Weighted
Error Value: White=0.34/ Black=0.42} 1-0

[Event "44th Chess Olympiad Women 2022"]
[Site "Chennai"]
[Date "2022.08.07"]
[Round "9.9"]
[White "Guichard, Pauline"]
[Black "Repkova, Eva"]
[Result "1/2-1/2"]
[WhiteElo "2379"]
[BlackElo "2303"]
[Annotator "RC"]
[PlyCount "94"]
[EventDate "2022.??.??"]
[TimeControl "60"]

1. d4 d5 2. c4 e6 3. Nc3 h6 4. Nf3 Nf6 5. g3 Bd6 6. Bg2 O-O 7. O-O Nc6 8. a3 dxc4 9. Qa4 e5 10. Qxc4 Nxd4 11. Nxd4 exd4 12. Qxd4 Qe7 13. Bf4 Bxf4 14. Qxf4 c6 15. Rfd1 Be6 16. Rd4 Rad8 17. Rad1 Rxd4 18. Qxd4 c5 19. Qd3 a6 20. a4 Rc8 21. Qd6 Qxd6 22. Rxd6 Rc7 23. Rb6 Bc8 24. e4 Re7 25. f4 Nd7 26. Rd6 Re6 27. Rd1 Kf8 28. Bh3 Re7 29. e5 Nb6 30. Bxc8 Nxc8 31. a5 Ke8 32. Ne4 Rc7 33. Rc1 c4 34. b3 b5 35. axb6 Nxb6 36. bxc4 Kd7 37. c5 Nd5 38. Kf2 Ke6 39. Ke2 f5 40.
Nd6 g5 41. Kf3 Nb4 42. Ne8 Re7 43. Nf6 Rc7 44. Ke3 a5 45. Kd4 a4 46. Kc4 Rxc5+ 47. Kxc5 Nd3+ 1/2-1/2

[Event "44th Chess Olympiad Women 2022"]
[Site "Chennai"]
[Date "2022.08.07"]
[Round "9.9"]
[White "Hagarova, Zuzana"]
[Black "Milliet, Sophie"]
[Result "1/2-1/2"]
[WhiteElo "2293"]
[BlackElo "2396"]
[Annotator "TA"]
[PlyCount "56"]
[EventDate "2022.??.??"]
[TimeControl "60"]

1. e4 e5 2. Nf3 Nc6 3. Bb5 a6 4. Ba4 Nf6 5. O-O b5 6. Bb3 Bc5 7. c3 d6 8. d3 h6 9. Be3 {
[%emt 0:03:03] 9.Nbd2 is a critical line. C78: Ruy Lopez: Archangelsk and
Möller Defences.} O-O 10. Nbd2 Rb8 11. h3 {[%emt 0:01:50] The position is equal.} Bxe3 12. fxe3 {[%emt 0:00:06] [#]} Be6 $146 ({Predecessor:} 12...
Na5 13. Bc2 c5 14. Qe1 Qe7 15. Qg3 c4 16. d4 b4 17. dxe5 dxe5 18. Qxe5 Qxe5 19.
Nxe5 bxc3 20. bxc3 {1-0 (39) Tiviakov,S (2592)-Sokolov,I (2628) Netherlands
2016}) 13. Qe2 a5 14. d4 {
[%emt 0:12:00] [#] And now d5 would win.} a4 15. Bc2 {[%emt 0:
05:59] Strongly threatening d5.} Bd7 16. a3 Qe7 17. Rae1 Na5 (17... Rfe8
{is interesting.} 18. Bd3 Na5 19. Nh4 Nxe4 20. Ng6 fxg6 21. Bxe4 Qg5) 18. Qf2 Nc4 19. Rb1 Bc6 20. Rfe1 Rfe8 21. Nxc4 bxc4 22. Nd2 Bb5 23. Nf3 Rb6 24. Qg3 Nh5 25. Qg4 Nf6 26. Qg3 Nh5 27. Qg4 Nf6 (27... g6 $5 ) 28. Qg3 Nh5 {[%emt 0:02:06] Weighted Error
Value: White=0.11 (very precise) /Black=0.18 (very precise)} (28... Rb7 $15)
1/2-1/2